 Dungeon Crawl Stone Soup version 0.29-a0-234-g0dae59b3db (webtiles) character file.

Game seed: 14085757337134632968

1019 fragbeetle the Conjurer (level 8, -8/58 HPs)
             Began as a Gnoll Conjurer on Mar 2, 2022.
             Was an Initiate of Ashenzari.
             Killed by divine providence
             ... invoked by an orc priest
              (16 damage)
             ... on level 5 of the Dungeon.
             The game lasted 00:11:00 (5910 turns).

fragbeetle the Conjurer (Gnoll Conjurer)            Turns: 5910, Time: 00:11:01

Health: -8/58      AC:  3    Str:  8    XL:     8   Next: 22%
Magic:  6/16       EV: 12    Int: 17    God:    Ashenzari [......]
Gold:   142        SH:  6    Dex: 12    Spells: 11/18 levels left

rFire   . . .      SeeInvis .   C - +0 trident
rCold   . . .      Faith    .   y - +2 buckler
rNeg    . . .      Spirit   .   d - +0 leather armour
rPois   .          Reflect  .   (no helmet)
rElec   .          Harm     .   (no cloak)
rCorr   +          Rampage  .   (no gloves)
Will    .....                   (no boots)
Stlth   +++.......              p - amulet of magic regeneration
HPRegen 0.19/turn               m - ring of resist corrosion
MPRegen 0.55/turn               (no ring)

@: studying Crossbows
A: fangs 1, strong nose, distributed training
a: Renounce Religion


You were on level 5 of the Dungeon.
You worshipped Ashenzari.
Ashenzari was noncommittal.
You visited 2 branches of the dungeon, and saw 6 of its levels.

You collected 142 gold pieces.

Inventory:

Hand Weapons
 f - a +0 spear
 h - a +0 lajatang
 C - a +0 trident (weapon)
Missiles
 w - 56 stones
 A - 2 throwing nets
Armour
 a - a +0 robe
 d - a +0 leather armour (worn)
 i - a +1 chain mail of fire resistance
 y - a +2 buckler (worn)
Jewellery
 m - a ring of resist corrosion (left hand)
 p - an amulet of magic regeneration (around neck)
 q - an amulet of regeneration
Scrolls
 b - 2 scrolls of enchant weapon {unknown}
 c - 2 scrolls of blinking {unknown}
 e - 9 scrolls of identify {unknown}
 g - a scroll of fear {unknown}
 k - 2 scrolls of immolation {unknown}
 l - a scroll of noise {unknown}
 n - a scroll of teleportation {unknown}
 r - a scroll of enchant armour {unknown}
 s - a scroll of holy word {unknown}
 t - 2 scrolls of amnesia {unknown}
 B - a scroll of torment {unknown}
 D - a scroll of brand weapon {unknown}
Potions
 j - 3 potions of curing {unknown}
 o - a potion of magic {unknown}
 u - a potion of might {unknown}
 v - a potion of haste {unknown}
 x - 2 potions of cancellation {unknown}
 z - a potion of attraction {unknown}


   Skills:
 + Level 3.1 Fighting
 + Level 3.1 Short Blades
 + Level 3.1 Long Blades
 + Level 3.1 Axes
 + Level 3.1 Maces & Flails
 + Level 3.1 Polearms
 + Level 3.1 Staves
 + Level 3.1 Slings
 + Level 3.1 Bows
 + Level 3.2 Crossbows
 + Level 3.1 Throwing
 + Level 3.1 Armour
 + Level 5.5 Dodging
 + Level 5.2 Stealth
 + Level 3.1 Shields
 + Level 3.1 Unarmed Combat
 + Level 5.9 Spellcasting
 + Level 7.6 Conjurations
 + Level 2.5 Hexes
 + Level 2.5 Summonings
 + Level 2.5 Necromancy
 + Level 2.5 Translocations
 + Level 2.5 Transmutations
 + Level 2.5 Fire Magic
 + Level 2.5 Ice Magic
 + Level 2.5 Air Magic
 + Level 2.5 Earth Magic
 + Level 2.5 Poison Magic
 + Level 3.4 Invocations
 + Level 3.1 Evocations


You had 11 spell levels left.
You knew the following spells:

 Your Spells              Type           Power      Damage    Failure   Level
a - Magic Dart            Conj           100%       1d8       1%          1
b - Searing Ray           Conj           60%        2d6       1%          2
c - Fulminant Prism       Conj/Hex       11%        3d9       30%         4

Your spell library contained the following spells:

 Spells                   Type           Power      Damage    Failure   Level
 Freeze                   Ice            52%        1d7       9%          1
 Sandblast                Erth           26%        2d8       9%          1
 Summon Small Mammal      Summ           52%        N/A       9%          1
 Dazzling Flash           Conj/Hex       44%        N/A       9%          3
 Stone Arrow              Conj/Erth      44%        3d9       9%          3
 Passwall                 Tmut/Erth      10%        N/A       13%         2
 Call Canine Familiar     Summ           13%        N/A       26%         3
 Frozen Ramparts          Ice            26%        1d4       26%         3
 Inner Flame              Hex/Fire       13%        N/A       26%         3
 Summon Guardian Golem    Hex/Summ       13%        N/A       26%         3
 Hailstorm                Conj/Ice       22%        3d7       30%         4
 Iskenderun's Mystic Bla  Conj/Tloc      22%        2d6       30%         4
 Cause Fear               Hex            6%         N/A       65%         4
 Discord                  Hex            6%         N/A       100%        8


Dungeon Overview and Level Annotations

Branches:
Dungeon (5/15)             Temple (1/1) D:5

Altars:
Ashenzari
Cheibriados
Dithmenos
Elyvilon
Fedhas
Gozag
Hepliaklqana
Kikubaaqudgha
Makhleb
Nemelex Xobeh
Qazlal
Ru
Sif Muna
Trog
Uskayaw
Vehumet
Wu Jian
Xom
Yredelemnul
Zin
The Shining One


Innate Abilities, Weirdness & Mutations

You have very sharp teeth.
Your uncanny sense of smell can sniff out nearby items.
Your experience applies equally to all skills.


Message History

Confirm with . or Enter, or press ? or * to list all spells.
Okay, then.
Casting: Searing Ray (safe; 1% risk of failure)
Confirm with . or Enter, or press ? or * to list all spells.
Okay, then.
Casting: Searing Ray (safe; 1% risk of failure)
Confirm with . or Enter, or press ? or * to list all spells.
Aiming: Searing Ray (safe; 1% risk of failure)
Press: ? - help, Shift-Dir - straight line, f - phantom
Aim: a phantom (moderately damaged, 71% to hit)
The searing ray hits the phantom.
The phantom is heavily damaged. (Press . to maintain the ray.)
The phantom closely misses you.
The searing ray hits the phantom.
The phantom is severely damaged.
The orc priest mumbles some strange prayers to Beogh against you.
Beogh smites you!
* * * LOW HITPOINT WARNING * * *
The phantom hits you.
* * * LOW HITPOINT WARNING * * *
The searing ray hits the phantom.
The phantom is almost destroyed.
You block the phantom's attack.
The searing ray hits the phantom!
You destroy the phantom!
You finish channelling your searing ray.
Unknown command.
Casting: Searing Ray (safe; 1% risk of failure)
Confirm with . or Enter, or press ? or * to list all spells.
Aiming: Searing Ray (safe; 1% risk of failure)
Press: ? - help, Shift-Dir - straight line, f - orc priest
Aim: an orc priest, wielding a +0 hand axe and wearing a +0 ring mail (heavily wounded, 82% to hit)
The searing ray hits the orc priest.
The orc priest is almost dead. (Press . to maintain the ray.)
The searing ray misses the orc priest.
The orc priest mumbles some strange prayers to Beogh against you.
Beogh smites you!
You die...

...## #.⌠.#
#......†##...##
...####...####.......#####
..........)..#.........#
.....⌠..>..⌠.#...........
.............#....##.....
....###...####....# .....
....# #.⌠.# #....# .....
.. #...####....# ..
.##.*.##.o@.#
#+###...#.....#
........)))...#
........#.....#
........#.....#
........#.....#
........##....#
#..##...##....# ##
#............


You could see an orc priest.

Vanquished Creatures
  A black bear (D:5)
  An ogre (D:4)
  2 centaurs (D:4)
  2 phantoms (D:5)
  A gnoll sergeant (D:4)
  A howler monkey (D:5)
  3 jellies
  A hound (D:5)
  An orc priest (D:5)
  An iguana (D:4)
  Terence (D:2)
  An orc wizard (D:4)
  8 gnolls
  4 adders
  2 ufetubi
  A worm (D:2)
  4 dart slugs
  8 orcs
  8 endoplasms
  3 giant cockroaches
  A goblin (D:4)
  6 hobgoblins
  2 jackals (D:2)
  8 quokkas
  10 ball pythons
  3 bats
  A frilled lizard (D:1)
  4 kobolds
  7 rats
96 creatures vanquished.

Vanquished Creatures (others)
  2 fulminant prisms
2 creatures vanquished.

Grand Total: 98 creatures vanquished

Notes
Turn   | Place    | Note
-------+----------+-------------------------------------------
     0 | D:1      | fragbeetle the Gnoll Conjurer began the quest for the Orb.
     0 | D:1      | Reached XP level 1. HP: 13/13 MP: 6/6
   267 | D:1      | Reached XP level 2. HP: 15/19 MP: 4/7
   648 | D:1      | Learned a level 2 spell: Searing Ray
   791 | D:1      | Reached XP level 3. HP: 25/25 MP: 7/9
  1145 | D:1      | Reached skill level 5 in Spellcasting
  1491 | D:2      | Noticed Terence
  1496 | D:2      | Killed Terence
  1497 | D:2      | Reached skill level 1 in Fighting
  1497 | D:2      | Reached skill level 1 in Short Blades
  1497 | D:2      | Reached skill level 1 in Long Blades
  1497 | D:2      | Reached skill level 1 in Axes
  1497 | D:2      | Reached skill level 1 in Maces & Flails
  1497 | D:2      | Reached skill level 1 in Polearms
  1497 | D:2      | Reached skill level 1 in Staves
  1497 | D:2      | Reached skill level 1 in Slings
  1497 | D:2      | Reached skill level 1 in Bows
  1497 | D:2      | Reached skill level 1 in Crossbows
  1497 | D:2      | Reached skill level 1 in Throwing
  1497 | D:2      | Reached skill level 1 in Armour
  1497 | D:2      | Reached skill level 1 in Shields
  1497 | D:2      | Reached skill level 1 in Unarmed Combat
  1497 | D:2      | Reached skill level 1 in Invocations
  1497 | D:2      | Reached skill level 1 in Evocations
  1497 | D:2      | Reached XP level 4. HP: 32/32 MP: 4/11
  2695 | D:3      | Reached skill level 1 in Hexes
  2695 | D:3      | Reached skill level 1 in Summonings
  2695 | D:3      | Reached skill level 1 in Necromancy
  2695 | D:3      | Reached skill level 1 in Translocations
  2695 | D:3      | Reached skill level 1 in Transmutations
  2695 | D:3      | Reached skill level 1 in Fire Magic
  2695 | D:3      | Reached skill level 1 in Ice Magic
  2695 | D:3      | Reached skill level 1 in Air Magic
  2695 | D:3      | Reached skill level 1 in Earth Magic
  2695 | D:3      | Reached skill level 1 in Poison Magic
  3224 | D:4      | Noticed an ogre
  3267 | D:4      | Noticed a centaur
  3322 | D:4      | Killed a centaur
  3323 | D:4      | Reached XP level 5. HP: 9/37 MP: 6/12
  3716 | D:4      | Noticed a centaur
  3726 | D:4      | Reached XP level 6. HP: 40/44 MP: 7/13
  3728 | D:4      | Reached skill level 5 in Dodging
  4116 | D:4      | Learned a level 4 spell: Fulminant Prism
  4167 | D:4      | Reached XP level 7. HP: 50/50 MP: 11/15
  4749 | D:5      | Entered Level 5 of the Dungeon
  4816 | D:5      | Reached skill level 5 in Stealth
  4853 | D:5      | Found a staircase to the Ecumenical Temple.
  4862 | Temple   | Entered the Ecumenical Temple
  4939 | Temple   | Became a worshipper of Ashenzari the Shackled
  5790 | D:5      | Reached XP level 8. HP: 44/57 MP: 12/16
  5910 | D:5      | Killed from afar by an orc priest

Illustrated notes

Levels and vault maps discovered:
D:1:      elethiomel_arrival_infinity_welcomes_careful_drivers,
          layout_loops_ring, st_stairs_14
D:2:      layout_basic, uniq_terence
D:3:      layout_basic, minmay_misc_feat_chi, hangedman_abyss_or_decor_stabs,
          minmay_misc_feat_columns
D:4:      layout_rooms, st_stairs_3
D:5:      layout_gridville, okawaru_trees_2, minmay_temple_entry_junction,
          minmay_manual_moon
Temple:   mainiacjoe_temple_starburst

Skill      XL: |  1  2  3  4  5  6  7  8 |
---------------+-------------------------+-----
Spellcasting   | 5 |  5.9
Fighting       | 1 2 3 |  3.1
Short Blades   | 1 2 3 |  3.1
Long Blades    | 1 2 3 |  3.1
Axes           | 1 2 3 |  3.1
Maces & Flails | 1 2 3 |  3.1
Polearms       | 1 2 3 |  3.1
Staves         | 1 2 3 |  3.1
Slings         | 1 2 3 |  3.1
Bows           | 1 2 3 |  3.1
Crossbows      | 1 2 3 |  3.2
Throwing       | 1 2 3 |  3.1
Armour         | 1 2 3 |  3.1
Shields        | 1 2 3 |  3.1
Unarmed Combat | 1 2 3 |  3.1
Invocations    | 1 2 3 |  3.4
Evocations     | 1 2 3 |  3.1
Hexes          | 1 2 |  2.5
Summonings     | 1 2 |  2.5
Necromancy     | 1 2 |  2.5
Translocations | 1 2 |  2.5
Transmutations | 1 2 |  2.5
Fire Magic     | 1 2 |  2.5
Ice Magic      | 1 2 |  2.5
Air Magic      | 1 2 |  2.5
Earth Magic    | 1 2 |  2.5
Poison Magic   | 1 2 |  2.5
Dodging        | 5 |  5.5
Stealth        | 5 |  5.2
Conjurations   | |  7.6

Action                   |  1- 3 |  4- 6 |  7- 9 || total
-------------------------+-------+-------+-------++-------
Melee: Lajatang          |    14 |    15 |    10 ||    39
       Bite              |       |     1 |     1 ||     2
       Trident           |       |       |    24 ||    24
 Cast: Magic Dart        |    35 |    48 |     5 ||    88
       Searing Ray       |     1 |    10 |    19 ||    30
       Fulminant Prism   |       |       |     2 ||     2
 Stab: Sleeping          |     1 |     2 |       ||     3
Armor: Leather armour    |     4 |    11 |     8 ||    23
Dodge: Dodged            |    12 |    33 |    26 ||    71
Block: Buckler           |       |       |    11 ||    11

Table legend: (Time is in decaauts)
 A = Elapsed time spent in this place.
 B = Non-inter-level travel time spent in this place.
 C = Inter-level travel time spent in this place.
 D = Time resting spent in this place.
 E = Time spent auto-exploring this place.
 F = Levels seen in this place.
 G = Mean time per level.
                   A        B        C        D        E       F      G
               +--------+--------+--------+--------+--------+-----+--------+
         Total |   5930 |   5508 |    422 |    792 |   3939 |   6 |  988.3 |
       Dungeon |   5357 |   5007 |    350 |    792 |   3455 |   5 | 1071.4 |
        Temple |    572 |    500 |     72 |      0 |    484 |   1 |  572.0 |
               +--------+--------+--------+--------+--------+-----+--------+

Top non-repeatable levels by time:
     D:2: 1336 daAuts
     D:3: 1205 daAuts
     D:1: 1181 daAuts
     D:4: 1040 daAuts
     D:5: 593 daAuts
  Temple: 572 daAuts
